 Dungeon Crawl Stone Soup version 0.28.0-43-g3370ac3207 (webtiles) character file.

Game seed: 18364061755027040458

171 sanboga the Skirmisher (level 5, 0/33 HPs)
             Began as a Gargoyle Fighter on Mar 23, 2022.
             Slain by a howler monkey zombie (2 damage)
             ... on level 4 of the Dungeon.
             The game lasted 00:03:18 (2927 turns).

sanboga the Skirmisher (Gargoyle Fighter)           Turns: 2927, Time: 00:03:19

Health: 0/33       AC: 15    Str: 22    XL:     5   Next: 51%
Magic:  5/5        EV:  6    Int:  8    God:
Gold:   81         SH:  4    Dex:  9    Spells: 4/4 levels left

rFire   . . .      SeeInvis .   a - +0 war axe (vamp)
rCold   . . .      Faith    .   c - +0 buckler
rNeg    + . .      Spirit   .   f - +0 plate armour
rPois   ∞          Reflect  .   (no helmet)
rElec   +          Harm     .   (no cloak)
rCorr   .          Rampage  .   (no gloves)
Will    .....                   (no boots)
Stlth   ..........              (no amulet)
HPRegen 0.11/turn               (no ring)
MPRegen 0.09/turn               (no ring)

@: no status effects
A: sickness immunity, AC +4, negative energy resistance 1, electricity
resistance, torment resistance 1, petrification resistance
a: no special abilities


You were on level 4 of the Dungeon.
You visited 1 branch of the dungeon, and saw 4 of its levels.

You collected 81 gold pieces.

Inventory:

Hand Weapons
 a - a +0 vampiric war axe (weapon)
Armour
 c - a +0 buckler (worn)
 f - a +0 plate armour (worn)
Scrolls
 b - 3 scrolls of identify {unknown}
 e - a scroll of brand weapon
 g - 2 scrolls of immolation {unknown}
 i - a scroll of enchant armour {unknown}
 l - a scroll of teleportation {unknown}
 m - a scroll of fear {unknown}
 n - a scroll of acquirement {unknown}
 o - a scroll of noise {unknown}
 r - 2 scrolls of vulnerability {unknown}
 s - a scroll of magic mapping {unknown}
 t - a scroll of amnesia {unknown}
Potions
 d - a potion of might
 h - a potion of ambrosia {unknown}
 j - 2 potions of attraction {unknown}
 k - a potion of berserk rage {unknown}
 p - 2 potions of lignification {unknown}
 q - 2 potions of resistance {unknown}


   Skills:
 + Level 4.2 Fighting
 * Level 3.4 Axes
 + Level 4.1 Armour
 + Level 4.1 Shields


You had 4 spell levels left.
You didn't know any spells.
Your spell library contained the following spells:

 Spells                   Type           Power      Damage    Failure   Level
 Cause Fear               Hex            0%         N/A       100%        4
 Dragon Form              Tmut           0%         N/A       100%        7
 Dragon's Call            Summ           0%         N/A       100%        9


Dungeon Overview and Level Annotations

Branches:
Dungeon (4/15)
 Temple: D:4-7

Altars:
Cheibriados


Innate Abilities, Weirdness & Mutations

You are immune to sickness and miasma.
Your stone body is resilient. (AC +4)
You are immune to poison.
You resist negative energy. (rN+)
You are resistant to electric shocks. (rElec)
You are resistant to unholy torment.
You are immune to petrification.


Message History

There are monsters nearby!
The howler monkey zombie hits you but does no damage.
An orc priest comes into view. It is wielding a +0 vampiric falchion.
You barely miss the howler monkey zombie.
The orc shouts!
The orc priest shouts!
The howler monkey zombie hits you.
The orc priest looks braver for a moment.
You hit the howler monkey zombie.
The howler monkey zombie is moderately damaged.
The howler monkey zombie hits you but does no damage. x2
You barely miss the howler monkey zombie.
The howler monkey zombie is moderately damaged.
An orc comes into view. It is wielding a +0 hand axe.
The howler monkey zombie hits you but does no damage.
You hit the howler monkey zombie but do no damage.
The howler monkey zombie is moderately damaged.
You hit the orc but do no damage. The orc hits you but does no damage.
The howler monkey zombie hits you but does no damage.
The orc priest calls down the wrath of Beogh upon you.
Beogh smites you!
You slash the howler monkey zombie!
The howler monkey zombie is severely damaged.
You closely miss the orc.
The howler monkey zombie hits you but does no damage.
The orc priest calls down the wrath of Beogh upon you.
Beogh smites you!
* * * LOW HITPOINT WARNING * * *
The orc hits you but does no damage. x2
The howler monkey zombie hits you but does no damage.
You are too injured to fight recklessly!
You are too injured to fight recklessly!
You are too injured to fight recklessly!
You are too injured to fight recklessly!
You are too injured to fight recklessly!
You hit the orc.
You kill the orc!
You hit the orc. You slash the howler monkey zombie!
A ball python comes into view.
The orc hits you but does no damage. The howler monkey zombie hits you.
You die...

........#
######..#
#..# #..#
##..# #...#
S######.#.#
..oo..o)..#
.######@###
#Z# #..
#.#. .....
### #. ..
.#


You could see an orc priest, 2 orcs, a howler monkey zombie and a ball python
(wandering).

Vanquished Creatures
  2 orc wizards
  3 adders
  2 worms
  3 dart slugs
  13 orcs
  4 bats
  5 endoplasms
  2 giant cockroaches
  4 goblins
  5 hobgoblins
  7 jackals
  9 kobolds
  3 quokkas
  3 ball pythons
  2 frilled lizards
  A rat (D:1)
68 creatures vanquished.

Notes
Turn   | Place    | Note
-------+----------+-------------------------------------------
     0 | D:1      | sanboga the Gargoyle Fighter began the quest for the Orb.
     0 | D:1      | Reached XP level 1. HP: 14/14 MP: 1/1
   544 | D:1      | Reached XP level 2. HP: 19/19 MP: 2/2
  1301 | D:2      | Reached XP level 3. HP: 15/23 MP: 3/3
  1774 | D:2      | Found a faded altar of an unknown god.
  1833 | D:2      | Reached XP level 4. HP: 29/29 MP: 4/4
  2412 | D:3      | Found a snail-covered altar of Cheibriados.
  2516 | D:3      | Reached XP level 5. HP: 33/33 MP: 5/5
  2926 | D:4      | HP: 1/33 [orc priest/divine providence (16)]
  2927 | D:4      | Slain by a howler monkey zombie

Illustrated notes

Levels and vault maps discovered:
D:1:      dpeg_arrival_prison, layout_loops_ring, hangedman_glass_teeth,
          kennysheep_boxes
D:2:      layout_basic, shapermc_ecumenical_altar_notcrosses
D:3:      layout_rooms, cheibrodos_worm_habitat, chequers_serial_rivers_small_3,
          minmay_statues_item, grunt_ministairs_2
D:4:      layout_loops_ring, serial_shops, shop, minivault_5

Skill      XL: |  1  2  3  4  5 |
---------------+----------------+-----
Axes           | 2 3 |  3.4
Fighting       | 4 |  4.2
Shields        | 4 |  4.1
Armour         | 4 |  4.1

Action                   |  1- 3 |  4- 6 || total
-------------------------+-------+-------++-------
Melee: War axe           |    92 |   111 ||   203
  Use: Scroll            |     2 |       ||     2
Armor: Plate armour      |    68 |    97 ||   165
       Scale mail        |     1 |       ||     1
Dodge: Dodged            |    29 |    25 ||    54
Block: Buckler           |    14 |    17 ||    31
